 Dungeon Crawl Stone Soup version 0.29.0-13-gc9e81de378 (webtiles) character file.

Game seed: 10512383826352924332

434 Destapler the Cudgeller (level 6, -1/93 HPs)
             Began as a Troll Berserker on Sept 7, 2022.
             Was a Believer of Trog.
             Slain by a gnoll
             ... wielding a +0 flail
              (7 damage)
             ... on level 4 of the Dungeon.
             The game lasted 00:06:04 (2610 turns).

Destapler the Cudgeller (Troll Berserker)           Turns: 2610, Time: 00:06:05

Health: -1/93      AC:  5    Str: 28    XL:     6   Next: 67%
Magic:  5/5        EV:  7    Int:  3    God:    Trog [**....]
Gold:   109        SH: 14    Dex:  9    Spells: 5/5 levels left

rFire   . . .      SeeInvis .   (no weapon)
rCold   + . .      Faith    .   v - +0 tower shield
rNeg    . . .      Spirit   .   b - +0 animal skin
rPois   .          Reflect  +   l - +0 hat
rElec   .          Harm     .   g - +0 cloak
rCorr   .          Rampage  .   (gloves unavailable)
Will    .....                   (boots unavailable)
Stlth   ..........              s - amulet of reflection
HPRegen 1.05/turn               e - ring of protection from cold
MPRegen 0.09/turn               (no ring)

@: berserking (expiring), lethally poisoned (-1 -> -2), very quick
A: large, unfitting armour, claws 3, regeneration 1, shaggy fur 1, tough skin 1
a: Renounce Religion, Berserk, Trog's Hand


You were on level 4 of the Dungeon.
You worshipped Trog.
Trog was pleased with you.
You visited 1 branch of the dungeon, and saw 6 of its levels.

You collected 220 gold pieces.
You spent 111 gold pieces at shops.

Inventory:

Hand Weapons
 a - a +0 mace
Missiles
 c - 52 stones (quivered)
 d - 5 poisoned darts
 h - 5 boomerangs
Armour
 b - a +0 animal skin (worn)
 g - a +0 cloak (worn)
 l - a +0 hat (worn)
 v - a +0 tower shield (worn)
Jewellery
 e - a ring of protection from cold (left claw)
 s - an amulet of reflection (around neck)
 u - a ring of fire
Scrolls
 j - a scroll of amnesia
 o - a scroll of immolation
 p - a scroll of acquirement {unknown}
 q - 2 scrolls of identify {unknown}
 t - a scroll of teleportation {unknown}
Potions
 f - 2 potions of haste {unknown}
 i - 2 potions of degeneration {unknown}
 k - a potion of might {unknown}
 m - a potion of mutation {unknown}
 n - a potion of cancellation {unknown}
 r - a potion of heal wounds {unknown}


   Skills:
 + Level 4.1 Fighting
 + Level 4.5 Maces & Flails
 + Level 0.1 Throwing
 + Level 4.1 Dodging
 * Level 0.2 Shields


You had 5 spell levels left.
You didn't know any spells.
Your spell library contained the following spells:

 Spells                   Type           Power      Damage    Failure   Level
 Ensorcelled Hibernation  Hex/Ice        0%         N/A       100%        2
 Passwall                 Tmut/Erth      0%         N/A       100%        2
 Swiftness                Air            0%         N/A       100%        3


Dungeon Overview and Level Annotations

Branches:
Dungeon (6/15)
 Temple: D:4-7

Altars:

Shops:
D:2 =[   D:6 [

Annotations:
D:4 Grinder


Innate Abilities, Weirdness & Mutations

You are too large for most types of armour.
You have claws for hands.
Your natural rate of healing is unusually fast.
You are covered in fur. (AC +1)
You have tough skin. (AC +1)


Message History

The gnoll is almost dead.
You feel very sick. The scorpion stings you. You block the gnoll's attack. x2
Grinder gestures at you. You resist with almost no effort.
You mangle the gnoll!!
You kill the gnoll!
Trog accepts your kill.
Your skin stops crawling.
You feel less strong-willed.
You feel sick. You block the scorpion's attack. You block the gnoll's attack.
You claw the scorpion!
The scorpion is heavily wounded.
You feel sick. You block the scorpion's attack.
You scratch the scorpion.
The scorpion is almost dead.
You feel sick. The gnoll hits you with a +0 flail. Grinder gestures at you.
You suddenly lose the ability to move!
The scorpion stings you.
You are more poisoned.
The scorpion poisons you!
You feel very sick. The gnoll hits you with a +0 flail.
* * * LOW HITPOINT WARNING * * *
The scorpion completely misses you.
You feel sick. The gnoll hits you with a +0 flail!
* * * LOW HITPOINT WARNING * * *
The scorpion stings you but does no damage.
You feel sick. The scorpion stings you.
* * * LOW HITPOINT WARNING * * *
The gnoll hits you with a +0 flail!
* * * LOW HITPOINT WARNING * * *
Grinder gestures at you. Pain shoots through your body!
* * * LOW HITPOINT WARNING * * *
You can move again.
You claw the scorpion!
You kill the scorpion!
Trog accepts your kill.
You feel sick. The gnoll hits you with a +0 flail!
You die...

#. #####.
...... ####
....##...#
........# #
#.....##
#...#..))..##
.......@g...#
...###......>.#
#...5....#
##.......#
..#.....#
.........
....!....
.$.#......


You could see Grinder and a gnoll.

Vanquished Creatures
  Sigmund (D:2)
  A scorpion (D:4)
  2 orc priests (D:3)
  2 iguanas
  6 adders
  2 gnolls (D:4)
  A worm (D:3)
  2 dart slugs
  6 orcs (D:3)
  6 ball pythons
  6 endoplasms
  4 giant cockroaches (D:1)
  7 goblins
  5 hobgoblins
  6 jackals
  2 quokkas
  8 bats
  2 frilled lizards (D:3)
  6 kobolds
  3 rats
78 creatures vanquished.

Notes
Turn   | Place    | Note
-------+----------+-------------------------------------------
     0 | D:1      | Destapler the Troll Berserker began the quest for the Orb.
     0 | D:1      | Reached XP level 1. HP: 22/22 MP: 0/0
   278 | D:1      | Reached XP level 2. HP: 29/29 MP: 1/1
   653 | D:1      | Reached ** piety under Trog
   654 | D:1      | Reached XP level 3. HP: 36/36 MP: 2/2
   781 | D:2      | Noticed Sigmund
   788 | D:2      | Killed Sigmund
   789 | D:2      | Reached XP level 4. HP: 45/45 MP: 3/3
   789 | D:2      | Reached XP level 5. HP: 53/53 MP: 4/4
   932 | D:2      | Found Qeasioh's Armour Shop.
  1144 | D:1      | Found a faded altar of an unknown god.
  1295 | D:2      | Bought a +0 hat for 48 gold pieces
  1684 | D:2      | Found Nafacoc's Jewellery Emporium.
  1850 | D:3      | Reached XP level 6. HP: 40/62 MP: 5/5
  2537 | D:3      | You fall into a shaft and drop 3 floors!
  2572 | D:6      | Found Umea's Armour Shoppe.
  2579 | D:6      | Bought a +0 tower shield for 63 gold pieces
  2587 | D:5      | Entered Level 5 of the Dungeon
  2592 | D:4      | Noticed Grinder
  2606 | D:4      | Paralysed by Grinder for 3 turns
  2610 | D:4      | Slain by a gnoll

Illustrated notes

Levels and vault maps discovered:
D:1:      minmay_arrival_shattered_statue, layout_loops_corners,
          hellmonk_ecumenical_altar_defaced_shrine
D:2:      layout_basic, serial_shops, nicolae_lakefront_shop, shop, uniq_sigmund
D:3:      layout_loops_ring
D:4:      layout_cave_pools, serial_shops, nicolae_shop_hallway_plus,
          gammafunk_ghost_split, chequers_serial_rivers_large_a,
          minmay_stone_trees_small, uniq_grinder
D:5:      layout_gridville, uniq_menkaure
D:6:      layout_cave_pods, minmay_temple_entry_fiery, nicolae_stop_n_shop_2,
          minmay_pentangle, uniq_crazy_yiuf_cottage, uniq_pikel, uniq_duvessa

Skill      XL: |  1  2  3  4  5  6 |
---------------+-------------------+-----
Maces & Flails | 3 4 |  4.5
Fighting       | 3 4 |  4.1
Dodging        | 3 4 |  4.1
Throwing       | |  0.1
Shields        | |  0.2

Action                   |  1- 3 |  4- 6 || total
-------------------------+-------+-------++-------
Melee: Unarmed           |    74 |   180 ||   254
       Mace              |     3 |       ||     3
       Punch             |       |     1 ||     1
Throw: Stone             |       |     3 ||     3
Invok: Berserk           |     1 |     1 ||     2
       Trog's Hand       |       |     2 ||     2
  Use: Scroll            |       |     5 ||     5
 Stab: Sleeping          |       |     2 ||     2
Armor: Animal skin       |    36 |    38 ||    74
Dodge: Dodged            |    60 |    87 ||   147
Block: Tower shield      |       |    13 ||    13
       Other             |       |    10 ||    10
       Reflection        |       |     1 ||     1
